 Dungeon Crawl Stone Soup version 0.27-a0-795-ge5c3fa52fd (webtiles) character file.

Game seed: 11947456652696752384

141253 Aapotti the Scorcher (level 17, -13/154 HPs)
             Began as a Hill Orc Fire Elementalist on Mar 25, 2021.
             Was the Champion of Okawaru.
             Mangled by an entropy weaver (14 damage)
             ... on level 3 of the Spider Nest on Mar 27, 2021.
             The game lasted 02:27:19 (32871 turns).

Aapotti the Scorcher (Hill Orc Fire Elementalist)  Turns: 32871, Time: 02:27:20

Health: -13/154    AC: 11    Str: 23    XL:     17   Next: 32%
Magic:  23/23      EV: 14    Int: 16    God:    Okawaru [******]
Gold:   1993       SH:  9    Dex:  9    Spells: 10/24 levels left

rFire    + + +     SeeInvis +   O - +8 demon trident "Rift" {distort, reach+}
rCold    + . .     Faith    .   f - +0 buckler {rF+}
rNeg     + + .     Spirit   .   e - +0 troll leather armour
rPois    +         Reflect  +   M - +2 helmet {SInv}
rElec    .         Harm     .   o - scarf {repulsion}
rCorr    .         Rampage  .   W - +2 pair of gloves {Stlth+}
Will     ++...                  l - +0 pair of boots
Stlth    ++........             I - amulet of Onlautaa {Reflect rN+ Str+6 Dex-2 SH+5}
HPRegen  1.35/turn              Q - ring of Neacsaps {rPois rC+ rN+ AC+4}
MPRegen  0.18/turn              a - ring of Buawkon {rF++ Will+}

@: corroded, slowed, studying Armour, repel missiles, very slow
A: no striking features
a: Renounce Religion, Heroism, Finesse


You were on level 3 of the Spider Nest.
You worshipped Okawaru.
Okawaru was exalted by your worship.
You visited 4 branches of the dungeon, and saw 25 of its levels.
You also visited: Gauntlet and Ice Cave.

You collected 1993 gold pieces.

Inventory:

Hand Weapons
 O - the +8 demon trident "Rift" (weapon) {distort, reach+}
   (Okawaru gifted it to you on level 4 of the Lair of Beasts)

   It warps and distorts space around it.
   Unwielding it can cause banishment or high damage.
Missiles
 c - 240 bolts
 h - 14 javelins
 K - 28 silver javelins
Armour
 e - a +0 troll leather armour (worn)
 f - a +0 buckler of fire resistance (worn)
 l - a +0 pair of boots (worn)
 o - a scarf of repulsion (worn)
 M - a +2 helmet of see invisible (worn)
 W - a +2 pair of gloves of stealth (worn)
Jewellery
 a - the ring of Buawkon (right hand) {rF++ Will+}
   (You found it on level 14 of the Dungeon)

   [ring of willpower]

   It greatly protects you from fire.
   It affects your willpower, your defense against some magical effects.
 I - the amulet of Onlautaa (around neck) {Reflect rN+ Str+6 Dex-2 SH+5}
   (You found it on level 4 of the Lair of Beasts)

   [amulet of reflection]

   It shields you and reflects attacks.
   It affects your strength (+6).
   It affects your dexterity (-2).
   It protects you from negative energy.
   It affects your SH (+5).
 Q - the ring of Neacsaps (left hand) {rPois rC+ rN+ AC+4}
   (You took it off a minotaur in a Gauntlet)

   [ring of protection]

   It affects your AC (+4).
   It protects you from cold.
   It protects you from poison.
   It protects you from negative energy.
Wands
 b - a wand of flame (43)
 n - a wand of random effects (18)
 q - a wand of polymorph (8)
 t - a wand of digging (22)
 z - a wand of mindburst (40)
 G - a wand of iceblast (36)
 N - a wand of charming (9)
 V - a wand of acid (6)
Scrolls
 i - 5 scrolls of teleportation
 j - 7 scrolls of amnesia
 r - 3 scrolls of fog
 v - 4 scrolls of noise
 x - a scroll of silence
 A - 4 scrolls of torment
 C - 8 scrolls of identify
 F - 3 scrolls of magic mapping
 Y - 3 scrolls of fear {unknown}
Potions
 d - 6 potions of lignification
 g - 2 potions of resistance
 k - 3 potions of ambrosia
 m - a potion of might
 p - 6 potions of mutation
 s - 4 potions of degeneration {unknown}
 B - a potion of cancellation {unknown}
 D - 5 potions of flight
 E - 9 potions of curing
 P - 3 potions of invisibility
 S - a potion of berserk rage
 T - 3 potions of brilliance
 X - 2 potions of haste
Miscellaneous
 y - a phantom mirror
 H - a phantom mirror
 J - a condenser vane
 L - a phial of floods


   Skills:
 + Level 14.9 Fighting
 + Level 13.8 Polearms
 - Level 6.0 Throwing
 + Level 13.9 Armour
 + Level 8.4 Dodging
 - Level 1.5 Stealth
 - Level 4.0 Shields
 - Level 4.0 Spellcasting
 - Level 8.0 Conjurations
 - Level 2.0 Necromancy
 + Level 16.8 Fire Magic
 - Level 6.0 Invocations


You had 10 spell levels left.
You knew the following spells:

 Your Spells              Type           Power      Damage    Failure   Level
a - Foxfire               Conj/Fire      100%       2x1d9     1%          1
b - Conjure Flame         Conj/Fire      42%        6-21      1%          3
c - Animate Skeleton      Necr           18%        N/A       9%          1
d - Sticky Flame          Conj/Fire      42%        2d6       1%          4
e - Fireball              Conj/Fire      21%        3d10      3%          5

Your spell library contained the following spells:

 Spells                   Type           Power      Damage    Failure   Level
 Inner Flame              Hex/Fire       30%        N/A       1%          3
 Shock                    Conj/Air       64%        1d7       3%          1
 Dazzling Flash           Conj/Hex       32%        N/A       11%         3
 Static Discharge         Conj/Air       16%        N/A       11%         3
 Stone Arrow              Conj/Erth      32%        3d9       11%         3
 Bolt of Magma            Conj/Fire/Erth 14%        4d8       17%         5
 Apportation              Tloc           6%         N/A       19%         1
 Beastly Appendage        Tmut           6%         N/A       19%         1
 Corona                   Hex            3%         N/A       19%         1
 Freeze                   Ice            12%        1d4       19%         1
 Sandblast                Erth           6%         2d5       19%         1
 Sting                    Tmut/Pois      12%        1d3       19%         1
 Summon Small Mammal      Summ           12%        N/A       19%         1
 Iskenderun's Battlesphe  Conj           28%        2d8       19%         5
 Passwall                 Tmut/Erth      2%         N/A       28%         2
 Poisonous Vapours        Pois/Air       6%         N/A       28%         2
 Swiftness                Air            3%         N/A       28%         2
 Hailstorm                Conj/Ice       16%        3d6       34%         4
 Confusing Touch          Hex            3%         N/A       50%         3
 Frozen Ramparts          Ice            6%         1d2       50%         3
 Gell's Gravitas          Tloc           1%         N/A       50%         3
 Ozocubu's Armour         Ice            3%         N/A       50%         3
 Portal Projectile        Hex/Tloc       6%         N/A       50%         3
 Lightning Bolt           Conj/Air       8%         1d20      69%         5
 Airstrike                Air            1%         N/A       88%         4
 Cause Fear               Hex            1%         N/A       88%         4
 Passage of Golubria      Tloc           N/A        N/A       88%         4
 Petrify                  Tmut/Erth      3%         N/A       88%         4
 Summon Ice Beast         Ice/Summ       3%         N/A       88%         4
 Summon Lightning Spire   Summ/Air       3%         N/A       88%         4
 Blade Hands              Tmut           1%         N/A       99%         5
 Lee's Rapid Deconstruct  Erth           1%         3d5*      99%         5
 Manifold Assault         Tloc           3%         N/A       99%         5
 Silence                  Hex/Air        1%         N/A       99%         5
 Yara's Violent Unravell  Hex/Tmut       1%         3d3       99%         5
 Iron Shot                Conj/Erth      8%         9d3       99%         6
 Orb of Destruction       Conj           14%        9d7       99%         7
 Dispersal                Tloc           1%         N/A       100%        6
 Freezing Cloud           Conj/Ice/Air   5%         6-21      100%        6
 Spellforged Servitor     Conj/Summ      8%         N/A       100%        7
 Discord                  Hex            1%         N/A       100%        8
 Disjunction              Tloc           1%         N/A       100%        8


Dungeon Overview and Level Annotations

Branches:
Dungeon (15/15)            Temple (1/1) D:4            Lair (6/6) D:8
 Shoals (0/4) Lair:3       Spider (3/4) Lair:3        Slime (0/5) Lair:6
    Orc (0/2) D:12         Vaults (0/5) D:14         Depths (0/5) D:15
  IceCv (visited)         Gauntlet (visited)

Altars:
Ashenzari
Cheibriados
Elyvilon
Fedhas
Gozag
Hepliaklqana
Kikubaaqudgha
Makhleb
Nemelex Xobeh
Okawaru
Qazlal
Sif Muna
Trog
Uskayaw
Vehumet
Wu Jian
Xom
Zin
The Shining One
Jiyva

Shops:
D:7 :

Annotations:
D:2 1 runed translucent door, Crazy Yiuf
Lair:1 3 runed translucent doors, DasRunzen's ghost, journeyman DgCj
Spider:2 2 transporters, exclusion: orange crystal statue


Message History

The redback poisons you!
* * * LOW HITPOINT WARNING * * *
You feel extremely sick. The redback bites your redback.
Your redback bites the redback!
The redback dies!
Okawaru accepts your kill.
The entropy weaver casts a spell at you.
The entropic weave corrodes you!
Your redback bites the torpor snail.
You block the redback's attack.
There is a stone staircase leading up here.
You feel much better.
You feel sick. The redback barely misses you. You block the redback's attack.
The redback bites you.
* * * LOW HITPOINT WARNING * * *
Your redback bites the redback!
The entropy weaver hits you but does no damage.
The entropy weaver hits you.
* * * LOW HITPOINT WARNING * * *
The entropy weaver hits you.
* * * LOW HITPOINT WARNING * * *
The entropy weaver hits you.
* * * LOW HITPOINT WARNING * * *
The redback bites you.
* * * LOW HITPOINT WARNING * * *
The redback closely misses you.
Blink to where?
Press: ? - help, Dir - move target
As you read the scroll of blinking, it crumbles to dust.
You feel sick.
You are no longer poisoned.
The jumping spider leaps!
You feel better.
Your redback dissolves into shadows!
The jumping spider barely misses you. You block the jumping spider's attack.
The entropy weaver hits you!
* * * LOW HITPOINT WARNING * * *
The entropy weaver closely misses you. The entropy weaver hits you!
* * * LOW HITPOINT WARNING * * *
The entropy weaver hits you but does no damage.
The entropy weaver hits you!
You die...

###s†.^........
#.ss†.s†s##..
.....ss#§#s°.#
....#..###..####
#.. #.. #^.s#.#
^. #.. #..w^.#
#.. #..ss## ..#
#...sB## ..
#^#.#s@#
#####.## ###


You could see an entropy weaver (extremely poisoned), a torpor snail, a jumping
spider, 3 tarantellas and 3 redbacks.

Vanquished Creatures
  Gastronok (Lair:1)
  2 tengu reavers (D:12)
  A storm dragon (D:12)
  A fire giant (D:12)
  A ghost moth (Spider:1)
  A minotaur (Gauntlet)
  Azrael (D:12)
  Snorg (D:14)
  4 boulder beetles
  6 vault guards (D:14)
  12 hydras
  2 catoblepae
  Erica (Lair:1)
  6 centaur warriors
  4 two-headed ogres
  5 death yaks
  A deep troll earth mage (D:12)
  4 tengu warriors
  A storm dragon zombie (D:15)
  6 skeletal warriors
  A wizard (D:15)
  A tengu zombie (D:15)
  Pikel (D:8)
  12 orb spiders
  An orc sorcerer (D:15)
  A wolf spider (shapeshifter) (D:12)
  A necromancer (IceCv)
  12 wolf spiders
  4 deep elf pyromancers
  2 orc knights
  13 ugly things
  A manticore (D:13)
  7 cyclopes
  A guardian serpent (shapeshifter) (D:14)
  7 elephants
  A merfolk siren (Lair:3)
  3 black mambas
  3 torpor snails
  A gargoyle (D:11)
  3 kobold demonologists (D:12)
  5 rime drakes
  11 cane toads
  7 komodo dragons
  6 demonic crawlers
  A tengu conjurer (D:14)
  6 yaktaurs
  A spriggan zombie (D:15)
  2 efreet (D:15)
  10 freezing wraiths
  4 trolls
  2 polar bears
  11 hornets
  5 slime creatures (D:12)
  15 jumping spiders
  18 blink frogs
  A dream sheep (Lair:6)
  8 centaur simulacra
  11 tarantellas
  A water elemental (D:13)
  Sigmund (D:7)
  A shadow (D:10)
  2 wraiths
  18 redbacks
  12 spriggans (Lair:6)
  3 wyverns
  44 yaks
  4 humans (D:14)
  A steam dragon (D:8)
  2 fire elementals (D:12)
  8 basilisks
  Edmund (D:7)
  A death yak simulacrum (IceCv)
  2 vampire mosquitoes (D:14)
  Menkaure (D:5)
  A warg (D:15)
  2 hell hounds (D:12)
  10 ice beasts
  15 water moccasins
  8 black bears
  A meliai simulacrum (D:15)
  4 orc warriors
  An ice beast (shapeshifter) (D:12)
  2 sky beasts
  A hornet zombie (D:8)
  3 necrophages
  42 wolves
  2 ogres
  An alligator simulacrum (IceCv)
  5 boggarts (Lair:6)
  12 centaurs
  A lemure (D:8)
  3 kobold brigands
  12 bullfrogs
  A gnoll sergeant (D:8)
  A scorpion (D:3)
  7 killer bees
  7 electric eels
  7 wights
  5 centaur zombies
  3 draconian simulacra (IceCv)
  3 bullfrog zombies
  A gnoll shaman (D:5)
  4 orc priests
  7 hounds
  4 jellies
  14 orc wizards
  2 iguanas
  4 hell rats (Lair:2)
  5 spriggan simulacra (IceCv)
  2 troll simulacra (IceCv)
  A polar bear simulacrum (IceCv)
  A wolf simulacrum (IceCv)
  A hound skeleton (D:5)
  2 howler monkey zombies
  11 gnolls
  5 adders
  5 naga simulacra (IceCv)
  2 ogre simulacra (IceCv)
  A shadow imp (D:6)
  17 white imps
  2 ufetubi
  4 worms
  A dart slug (D:5)
  31 orcs
  5 bats
  10 endoplasms
  6 giant cockroaches
  16 goblins
  7 hobgoblins
  2 jackals (D:2)
  4 quokkas
  3 ball pythons
  4 frilled lizards
  21 kobolds
  5 rats
733 creatures vanquished.

Vanquished Creatures (collateral kills)
  3 redbacks (Spider:3)
  A spriggan (Lair:6)
  2 fire elementals (D:12)
  A hell hound (D:12)
  21 foxfires
28 creatures vanquished.

Vanquished Creatures (others)
  A vault guard (D:14)
  A cane toad (Lair:4)
  A blink frog (Lair:4)
  A human (D:14)
  A wyvern (Lair:4)
  An orc (D:8)
  A bush (Lair:4)
  1558 foxfires
  60 fungi
  54 plants
  5 toadstools (D:5)
  16 withered plants (D:15)
1700 creatures vanquished.

Grand Total: 2461 creatures vanquished

Notes
Turn   | Place    | Note
-------+----------+-------------------------------------------
     0 | D:1      | Aapotti the Hill Orc Fire Elementalist began the quest for
                  | the Orb.
     0 | D:1      | Reached XP level 1. HP: 14/14 MP: 3/3
   308 | D:1      | Reached XP level 2. HP: 20/20 MP: 1/4
   597 | D:1      | Reached XP level 3. HP: 27/27 MP: 2/5
   746 | D:1      | Reached skill level 1 in Fighting
  1089 | D:2      | Reached skill level 4 in Fire Magic
  1282 | D:2      | Learned a level 3 spell: Conjure Flame
  1284 | D:2      | Learned a level 1 spell: Animate Skeleton
  1440 | D:2      | Reached XP level 4. HP: 35/35 MP: 3/7
  1583 | D:2      | Found a runed translucent door.
  1584 | D:2      | Noticed Crazy Yiuf
  2446 | D:3      | Reached skill level 1 in Polearms
  2446 | D:3      | Reached XP level 5. HP: 41/41 MP: 5/8
  3316 | D:3      | Found a sparkling altar of Nemelex Xobeh.
  3571 | D:4      | Found an ancient bone altar of Kikubaaqudgha.
  3571 | D:4      | Found a hazy altar of Hepliaklqana.
  3663 | D:4      | Noticed a black bear
  3726 | D:4      | Found a staircase to the Ecumenical Temple.
  3740 | Temple   | Entered the Ecumenical Temple
  3781 | Temple   | Became a worshipper of Warmaster Okawaru
  3833 | D:4      | Reached skill level 5 in Fire Magic
  3833 | D:4      | Reached XP level 6. HP: 48/48 MP: 2/9
  3993 | D:4      | Noticed an orc warrior
  4044 | D:4      | Killed an orc warrior
  4169 | D:4      | Killed a black bear
  4170 | D:4      | Reached XP level 7. HP: 56/56 MP: 4/11
  5045 | D:5      | Entered Level 5 of the Dungeon
  5056 | D:4      | Reached skill level 6 in Fire Magic
  5144 | D:5      | Reached * piety under Okawaru
  5210 | D:5      | Learned a level 4 spell: Sticky Flame
  5287 | D:5      | Noticed Menkaure
  5295 | D:5      | Killed Menkaure
  5394 | D:5      | Reached XP level 8. HP: 35/66 MP: 0/12
  6010 | D:5      | Reached skill level 7 in Fire Magic
  6498 | D:5      | Reached ** piety under Okawaru
  7130 | D:6      | Found a hide-covered altar of Uskayaw.
  7217 | D:6      | Reached skill level 5 in Fighting
  7217 | D:6      | Reached skill level 8 in Fire Magic
  7419 | D:6      | Found a glowing silver altar of Zin.
  7510 | D:6      | Reached XP level 9. HP: 74/74 MP: 5/13
  7603 | D:6      | Learned a level 5 spell: Fireball
  7649 | D:6      | Identified the +0 pair of gloves of Unulaviut {rF- Int+3}
  7973 | D:6      | Reached skill level 1 in Necromancy
  8179 | D:7      | Reached *** piety under Okawaru
  8210 | D:7      | Reached skill level 5 in Polearms
  8226 | D:7      | Reached skill level 5 in Conjurations
  8963 | D:7      | Reached skill level 9 in Fire Magic
  9119 | D:7      | Found Xuyg's Book Shoppe.
  9241 | D:7      | Noticed Edmund
  9262 | D:7      | Killed Edmund
  9661 | D:7      | Noticed Sigmund
  9673 | D:7      | Killed Sigmund
  9848 | D:8      | Noticed a troll
  9860 | D:8      | Killed a troll
  9860 | D:8      | Reached **** piety under Okawaru
  9867 | D:8      | Reached XP level 10. HP: 68/84 MP: 5/16
 10362 | D:8      | Found a staircase to the Lair.
 10391 | D:8      | Reached skill level 10 in Fire Magic
 10521 | D:8      | Noticed Pikel
 10535 | D:8      | Killed Pikel
 11145 | D:9      | Reached ***** piety under Okawaru
 11238 | D:9      | Reached skill level 11 in Fire Magic
 11802 | D:9      | Reached skill level 1 in Invocations
 11802 | D:9      | Reached XP level 11. HP: 87/94 MP: 17/17
 11874 | D:9      | Found a bloodstained altar of Trog.
 11968 | D:9      | Noticed a cyclops
 11977 | D:9      | Killed a cyclops
 11977 | D:9      | Received a gift from Okawaru
 12155 | D:9      | Reached skill level 1 in Armour
 12631 | D:10     | Entered Level 10 of the Dungeon
 12872 | D:10     | Found a white marble altar of Elyvilon.
 12925 | D:10     | Received a gift from Okawaru
 13491 | Lair:1   | Entered Level 1 of the Lair of Beasts
 13506 | Lair:1   | Identified the +8 chain mail of Ratig {rElec rPois Str-4
                  | Int+5}
 14016 | Lair:1   | Noticed DasRunzen's ghost (journeyman DgCj)
 14017 | Lair:1   | Noticed a death yak
 14025 | Lair:1   | Found a runed translucent gate.
 14025 | Lair:1   | Found a runed translucent gate.
 14025 | Lair:1   | Found a runed translucent gate.
 14093 | Lair:1   | Noticed Gastronok
 14109 | Lair:1   | Reached skill level 12 in Fire Magic
 14116 | Lair:1   | Killed Gastronok
 14241 | Lair:1   | Noticed a six-headed hydra
 14255 | Lair:1   | Killed a two-headed hydra
 14257 | Lair:1   | Reached XP level 12. HP: 104/104 MP: 5/18
 14693 | Lair:1   | Noticed Erica
 14707 | Lair:1   | Killed Erica
 14718 | Lair:1   | Reached skill level 5 in Invocations
 15189 | Lair:2   | Identified the +1 robe "Teotoxet" {Int+8 Dex-3 Slay+2 SInv}
 15453 | Lair:2   | Received a gift from Okawaru
 15454 | Lair:2   | Reached skill level 13 in Fire Magic
 15846 | Lair:2   | Reached skill level 1 in Throwing
 15846 | Lair:2   | Reached skill level 5 in Armour
 16162 | Lair:2   | Reached skill level 10 in Fighting
 16330 | Lair:2   | Received a gift from Okawaru
 16377 | Lair:2   | Noticed a catoblepas
 16401 | Lair:2   | Killed a catoblepas
 16660 | Lair:3   | Found a gate leading to a gauntlet.
 16663 | Lair:3   | Noticed a five-headed hydra
 16680 | Lair:3   | Killed a one-headed hydra
 16823 | Gauntlet | Entered a Gauntlet
 16823 | Gauntlet | Found a transporter.
 16826 | Gauntlet | Found a runed translucent gate.
 16826 | Gauntlet | Found a runed translucent gate.
 16826 | Gauntlet | Found a runed translucent gate.
 16830 | Gauntlet | Found a transporter.
 16833 | Gauntlet | Found a transporter.
 16834 | Gauntlet | Found a transporter.
 16845 | Gauntlet | Found a transporter.
 16845 | Gauntlet | Found a transporter.
 16846 | Gauntlet | Found a transporter.
 16857 | Gauntlet | Found a transporter.
 16857 | Gauntlet | Found a transporter.
 16858 | Gauntlet | Found a transporter.
 16862 | Gauntlet | Noticed a death scarab
 16864 | Gauntlet | Noticed a death scarab
 16869 | Gauntlet | Found a transporter.
 16870 | Gauntlet | Found a transporter.
 16875 | Gauntlet | Noticed a blizzard demon
 16886 | Gauntlet | Found a transporter.
 16902 | Gauntlet | Found a transporter.
 16971 | Gauntlet | Reached XP level 13. HP: 89/114 MP: 4/19
 17094 | Gauntlet | Identified the amulet "Wero" {Acrobat rElec rC+ Slay-3}
 17113 | Gauntlet | Identified the ring of Neacsaps {rPois rC+ rN+ AC+4}
 17113 | Gauntlet | Noticed a minotaur
 17136 | Gauntlet | Killed a minotaur
 17288 | Gauntlet | Identified the +1 leather armour of Follow the Leader {Harm
                  | *Corrode rC+ Int+5}
 17288 | Gauntlet | Identified the Reference Book on the Virous Birds
 17492 | Lair:3   | Found a staircase to the Shoals.
 17496 | Lair:3   | Identified the +0 scale mail of the Lily {Harm rC+ Str+8
                  | Slay-2} (Okawaru gifted it to you on level 3 of the Lair of
                  | Beasts)
 17496 | Lair:3   | Received a gift from Okawaru
 17972 | Lair:3   | Reached skill level 14 in Fire Magic
 18223 | Lair:3   | Found a hole to the Spider Nest.
 18383 | Lair:4   | Upgraded the game from 0.27-a0-767-g00efbec225 to
                  | 0.27-a0-780-geb8d7bc690
 18438 | Lair:4   | Identified the amulet of Onlautaa {Reflect rN+ Str+6 Dex-2
                  | SH+5}
 18546 | Lair:3   | Reached skill level 10 in Polearms
 19100 | Lair:4   | Received a gift from Okawaru
 19101 | Lair:4   | Found the +8 demon trident "Rift" {distort, reach+}
 20694 | Lair:6   | Entered Level 6 of the Lair of Beasts
 20729 | Lair:5   | Reached XP level 14. HP: 91/124 MP: 14/20
 20729 | Lair:5   | Received a gift from Okawaru
 20829 | Lair:6   | Reached skill level 5 in Throwing
 20833 | Lair:6   | Reached ****** piety under Okawaru
 21705 | Lair:6   | Found a staircase to the Slime Pits.
 21706 | Lair:6   | Found a viscous altar of Jiyva.
 23588 | D:11     | Reached skill level 15 in Fire Magic
 23889 | D:12     | Found a staircase to the Orcish Mines.
 24102 | D:12     | Reached skill level 5 in Dodging
 24587 | D:12     | Noticed Azrael
 24614 | D:12     | Killed Azrael
 24614 | D:12     | Identified the +12 bardiche of Sajigyor {vorpal, +Rage
                  | rElec Str+4 Stlth-} (Okawaru gifted it to you on level 12
                  | of the Dungeon)
 24614 | D:12     | Received a gift from Okawaru
 24789 | D:12     | Noticed a storm dragon
 24813 | D:12     | Killed a storm dragon
 24814 | D:12     | Reached XP level 15. HP: 59/134 MP: 21/21
 25200 | D:12     | Noticed a fire giant
 25206 | D:12     | Killed a fire giant
 25251 | D:12     | Noticed a tengu reaver
 25271 | D:12     | Killed a tengu reaver
 25441 | D:12     | Noticed a tengu reaver
 25448 | D:12     | Killed a tengu reaver
 25448 | D:12     | Identified the +5 ring mail "Veitemew" {Will+} (Okawaru
                  | gifted it to you on level 12 of the Dungeon)
 25448 | D:12     | Received a gift from Okawaru
 25855 | D:13     | Reached skill level 10 in Armour
 25894 | D:13     | Found a frozen archway.
 25900 | IceCv    | Entered an ice cave
 26104 | IceCv    | Found an ancient bone altar of Kikubaaqudgha.
 27235 | D:13     | Identified the +6 broad axe "Evyar" {flame, +Blink Will+
                  | Dex-4}
 27373 | D:13     | Identified the +1 plate armour "Taisoel" {rPois Dex+4}
 27382 | D:13     | Reached skill level 1 in Shields
 28243 | D:14     | Reached XP level 16. HP: 99/144 MP: 22/22
 28259 | D:14     | Received a gift from Okawaru
 28328 | D:14     | Received a gift from Okawaru
 28436 | D:14     | Found a gate to the Vaults.
 28603 | D:14     | Identified the +3 scale mail of the Townfolk {Int+5}
                  | (Okawaru gifted it to you on level 14 of the Dungeon)
 28603 | D:14     | Received a gift from Okawaru
 28678 | D:14     | Noticed Snorg
 28688 | D:14     | Killed Snorg
 28689 | D:14     | Reached skill level 16 in Fire Magic
 28984 | D:14     | Found the +11 plutonium sword {*Contam Stlth-}
 29003 | D:14     | Identified the Handbook of Creative Shape Shifting
 29008 | D:14     | Identified the ring of Buawkon {rF++ Will+}
 29285 | D:15     | Entered Level 15 of the Dungeon
 29497 | D:15     | Identified the Disquisition on Bewitchment and Snow
 29511 | D:15     | Found a staircase to the Depths.
 30950 | Spider:1 | Entered Level 1 of the Spider Nest
 31132 | Spider:1 | Upgraded the game from 0.27-a0-780-geb8d7bc690 to
                  | 0.27-a0-795-ge5c3fa52fd
 31179 | Spider:1 | Received a gift from Okawaru
 31540 | Spider:2 | Found a transporter.
 31540 | Spider:2 | Found the macabre finger necklace {rN+}
 31937 | Spider:1 | Reached XP level 17. HP: 137/154 MP: 0/23
 32316 | Spider:2 | Found a transporter.
 32868 | Spider:3 | HP: 3/154 [poisoned by a redback]
 32871 | Spider:3 | HP: 1/154 [entropy weaver (11)]
 32871 | Spider:3 | Mangled by an entropy weaver

Illustrated notes

Levels and vault maps discovered:
D:1:      roderic_crossed_star, layout_loops_ring, serial_bayou_crossing
D:2:      layout_basic, uniq_crazy_yiuf_cottage
D:3:      layout_loops_cross, nemelex_xobeh_ov_fountains_minmay
D:4:      layout_basic, gammafunk_temple_overflow_elements,
          minmay_temple_entry_poolview
D:5:      layout_basic, minivault_19, minmay_gold_behind_fungi,
          water_maze_lemuel, uniq_menkaure
D:6:      corexii_shack_village, layout_loops_ring, zin_statuary, basic_altar,
          grunt_tough_drop
D:7:      layout_rooms, serial_shops, shop, sigmund_edmund_badplayer
D:8:      layout_loops_ring, erik_lair_island, uniq_pikel
D:9:      layout_loops_ring, basic_altar, minmay_microvault
D:10:     layout_basic, elyvilon_altar_1
D:11:     layout_cave_pools
D:12:     lemuel_traditional_vault, layout_cave_pools, uniq_azrael
D:13:     layout_small_grid, serial_ice, serial_ice_e, serial_ice_o,
          serial_ice_n, serial_ice_m, serial_ice_d, serial_ice_l, serial_ice_f,
          serial_ice_h, portal_ice_cave_entry_pillars_1, st_stairs_7
D:14:     minmay_the_grid_octo_triangle [minmay_the_grid_octo_teeth,
          minmay_the_grid_octo_prize_single_spiral, minmay_the_grid_octo_empty],
          layout_cave_pods, ximxim_vaults_locker_room, bh_walls_and_bars,
          grunt_ministairs_3, kennysheep_decorative_pillar, evilmike_butchery,
          uniq_snorg
D:15:     gammafunk_depths_entry_grave, layout_basic, serial_co_window_serial,
          co_window_paths_a, co_window_paths_a, co_window_corner_a,
          co_window_cross_1, co_window_paths_b, co_window_corner_cb,
          co_window_2corner, co_window_corner_cb, co_window_2corner,
          co_window_broadway_b, co_window_corner_b, co_window_paths_e,
          glass_columns_b, glass_columns_a, glass_columns_a, glass_columns_a
Temple:   compressed_dpeg_circular_temple
Lair:1:   layout_chaotic_city, gammafunk_ghost_split, st_stairs_13, uniq_erica,
          uniq_gastronok
Lair:2:   layout_small_grid, serial_bayou_shore_a
Lair:3:   layout_roguey, elwin_shoals_entry_rooms, dummy_spider_entry,
          gauntlet_entry_generic, beast_lair_carwin_11
Lair:4:   layout_loops_ring, lemuel_old_faithful, grunt_megastairs_3
Lair:5:   layout_roguey, grunt_megastairs_4, serial_bayou_shore_b
Lair:6:   minmay_lair_end_enchanted_forest, layout_long_grid, slime_altar_1
Spider:1: layout_spider_delve
Spider:2: gammafunk_sealed_arena, hangedman_spider_trapstep
Spider:3: layout_spider_delve, guppyfry_spider_mini_1

Skill      XL: |  1  2  3  4  5  6  7  8  9 10 11 12 13 14 15 16 |
---------------+-------------------------------------------------+-----
Fighting       | 1 2 4 5 6 8 9 10 11 12 13 14 | 14.9
Fire Magic     | 4 5 6 8 9 11 12 13 14 15 16 | 16.8
Spellcasting   | 2 3 4 |  4.0
Polearms       | 1 2 3 4 5 7 8 9 10 11 12 13 | 13.8
Conjurations   | 2 3 4 5 6 8 |  8.0
Necromancy     | 2 |  2.0
Invocations    | 1 4 6 |  6.0
Armour         | 3 5 7 9 11 13 | 13.9
Throwing       | 2 4 6 |  6.0
Dodging        | 3 5 6 8 |  8.4
Shields        | 2 4 |  4.0
Stealth        | |  1.5

Action                   |  1- 3 |  4- 6 |  7- 9 | 10-12 | 13-15 | 16-18 || total
-------------------------+-------+-------+-------+-------+-------+-------++-------
Melee: Unarmed           |    20 |       |       |       |       |       ||    20
       Spear             |     1 |       |       |       |       |       ||     1
       Halberd           |    11 |    55 |   137 |   293 |   168 |       ||   664
       Demon trident     |       |       |       |       |   670 |   570 ||  1240
Throw: Dart              |       |     5 |       |       |       |       ||     5
       Javelin           |       |       |       |       |     1 |       ||     1
 Cast: Foxfire           |    50 |    83 |   209 |   219 |   349 |    20 ||   930
       Conjure Flame     |       |     6 |    24 |    33 |    24 |     8 ||    95
       Animate Skeleton  |       |       |     1 |       |       |       ||     1
       Sticky Flame      |       |       |       |    16 |     4 |       ||    20
       Fireball          |       |       |       |    15 |    66 |    20 ||   101
Invok: Heroism           |       |       |       |     4 |     2 |       ||     6
       Finesse           |       |       |       |       |     1 |       ||     1
Evoke: Wand              |       |       |       |       |     2 |       ||     2
       Phantom mirror    |       |       |       |       |     2 |     1 ||     3
       Condenser vane    |       |       |       |       |     1 |       ||     1
  Use: Scroll            |       |     1 |     5 |    11 |    13 |     2 ||    32
       Potion            |       |       |       |     1 |     2 |     3 ||     6
 Stab: Sleeping          |     4 |     3 |     6 |       |     5 |     7 ||    25
       Distracted        |       |       |       |       |     1 |       ||     1
Armor: Robe              |     7 |     1 |     8 |    21 |       |       ||    37
       Steam dragon scal |       |       |       |     8 |       |       ||     8
       Troll leather arm |       |       |       |    23 |   223 |   169 ||   415
Dodge: Dodged            |    24 |    13 |    89 |   147 |   409 |   227 ||   909
       Repelled          |       |       |     1 |     5 |     6 |       ||    12
Block: Other             |       |       |       |       |    86 |       ||    86
       Buckler           |       |       |       |       |    26 |   198 ||   224
       Reflection        |       |       |       |       |     9 |     8 ||    17

Table legend: (Time is in decaauts)
 A = Elapsed time spent in this place.
 B = Non-inter-level travel time spent in this place.
 C = Inter-level travel time spent in this place.
 D = Time resting spent in this place.
 E = Time spent auto-exploring this place.
 F = Levels seen in this place.
 G = Mean time per level.
                   A        B        C        D        E       F      G
               +--------+--------+--------+--------+--------+-----+--------+
         Total |  32686 |  31258 |   1428 |   9635 |  13457 |  27 | 1210.6 |
       Dungeon |  20239 |  19449 |    790 |   5970 |   8864 |  15 | 1349.3 |
        Temple |     74 |     41 |     33 |      0 |      0 |   1 |   74.0 |
          Lair |   9462 |   8886 |    576 |   2755 |   3724 |   6 | 1577.0 |
   Spider Nest |   1843 |   1814 |     29 |    622 |    663 |   3 |  614.3 |
      Ice Cave |    607 |    607 |      0 |    102 |    205 |   1 |  607.0 |
      Gauntlet |    459 |    459 |      0 |    185 |      0 |   1 |  459.0 |
               +--------+--------+--------+--------+--------+-----+--------+

Top non-repeatable levels by time:
  Lair:6: 2325 daAuts
    D:12: 1968 daAuts
  Lair:1: 1743 daAuts
     D:5: 1673 daAuts
    D:14: 1664 daAuts
     D:6: 1609 daAuts
     D:9: 1603 daAuts
  Lair:2: 1595 daAuts
     D:7: 1567 daAuts
     D:4: 1541 daAuts
  Lair:3: 1474 daAuts
    D:15: 1461 daAuts
  Lair:4: 1351 daAuts
     D:8: 1330 daAuts
     D:2: 1324 daAuts
